[ AOE2 MATCH · #507192454 ]
UnrankedTupi vs Romans
Player's team · LOSS
Rival team · WIN
[ REPLAY ANALYSIS · EXTRACTED FROM THE RECORDED GAME ]
Feudal
11:30
Castle
—
Imperial
—
| APM avg | 68.6 |
| APM peak | 115 |
| eAPM avg | 37.6 |
| Villagers / military | 40 / 0 |
Focus
⚔️ 43.4% · 🌾 56.6%
Unknown (2550) ×8
Feudal
10:10
Castle
—
Imperial
—
| APM avg | 43.0 |
| APM peak | 86 |
| eAPM avg | 20.4 |
| Villagers / military | 39 / 15 |
Focus
⚔️ 35.6% · 🌾 64.4%
Militia ×15
Match map
Initial resources + every placement click. Lines = walls · curves = elevation contours. ◆ gold · ⬟ stone · ● berries · ✦ relic · ◌ wall gap
Your base· Open — unwalled flank
VLC | DeaH's base· Open — unwalled flank
Smoothed initial terrain · ◌ = detected wall gap · hover for details
Inputs per minute
— SVTT | Альпинист - - VLC | DeaH
Build order — SVTT | Альпинист
68 actions detected in the replay
| 0:00 | Queue | Villager (Male) |
| 0:01 | Queue | Villager (Male) |
| 0:01 | Queue | Villager (Male) |
| 0:02 | Build | House |
| 0:03 | Build | House |
| 0:06 | Queue | Villager (Male) |
| 0:32 | Build | Barracks |
| 1:06 | Queue | Villager (Male) |
| 1:32 | Research | Loom |
| 1:47 | Queue | Unit 2550 |
| 2:27 | Queue | Unit 2550 |
| 2:44 | Queue | Villager (Male) |
| 3:03 | Queue | Villager (Male) |
| 3:22 | Queue | Villager (Male) |
| 3:22 | Queue | Villager (Male) |
| 3:28 | Build | House |
| 3:43 | Queue | Villager (Male) |
| 4:12 | Queue | Villager (Male) |
| 4:38 | Build | Outpost |
| 4:41 | Build | Outpost |
| 4:43 | Queue | Villager (Male) |
| 4:44 | Queue | Villager (Male) |
| 4:49 | Build | House |
| 5:26 | Queue | Unit 2550 |
| 5:35 | Queue | Villager (Male) |
| 5:36 | Queue | Villager (Male) |
| 6:07 | Build | Settlement |
| 6:14 | Queue | Villager (Male) |
| 6:17 | Queue | Villager (Male) |
| 6:46 | Queue | Villager (Male) |
| 6:46 | Queue | Villager (Male) |
| 7:13 | Queue | Villager (Male) |
| 7:24 | Queue | Villager (Male) |
| 7:37 | Build | Settlement |
| 8:18 | Queue | Villager (Male) |
| 8:27 | Queue | Villager (Male) |
| 9:20 | Research | Feudal Age |
| 9:45 | Build | House |
| 10:21 | Build | House |
| 10:42 | Queue | Villager (Male) |
| 10:46 | Build | Settlement |
| 11:12 | Queue | Villager (Male) |
| 11:30 | Age | Feudal Age |
| 12:18 | Queue | Villager (Male) |
| 12:19 | Queue | Villager (Male) |
| 12:19 | Queue | Villager (Male) |
| 12:19 | Queue | Villager (Male) |
| 12:19 | Queue | Villager (Male) |
| 12:32 | Queue | Villager (Male) |
| 12:32 | Queue | Villager (Male) |
| 12:32 | Queue | Villager (Male) |
| 12:33 | Queue | Villager (Male) |
| 12:35 | Queue | Unit 2550 |
| 12:35 | Queue | Unit 2550 |
| 12:51 | Build | Palisade Wall |
| 13:05 | Build | House |
| 13:07 | Build | House |
| 13:36 | Build | Watch Tower |
| 13:49 | Queue | Unit 2550 |
| 13:50 | Queue | Villager (Male) |
| 13:50 | Queue | Villager (Male) |
| 13:51 | Queue | Villager (Male) |
| 13:51 | Queue | Villager (Male) |
| 13:51 | Queue | Villager (Male) |
| 13:54 | Queue | Unit 2550 |
| 13:54 | Queue | Unit 2550 |
| 14:40 | Build | Blacksmith |
| 15:16 | Queue | Villager (Male) |
Build order — VLC | DeaH
91 actions detected in the replay
| 0:02 | Queue | Villager (Male) |
| 0:02 | Queue | Villager (Male) |
| 0:02 | Queue | Villager (Male) |
| 0:02 | Queue | Villager (Male) |
| 0:03 | Build | House |
| 0:05 | Build | House |
| 1:32 | Queue | Villager (Male) |
| 1:32 | Queue | Villager (Male) |
| 2:04 | Queue | Villager (Male) |
| 2:04 | Queue | Villager (Male) |
| 2:15 | Build | Lumber Camp |
| 2:22 | Queue | Villager (Male) |
| 2:22 | Queue | Villager (Male) |
| 2:37 | Build | House |
| 2:47 | Queue | Villager (Male) |
| 2:48 | Queue | Villager (Male) |
| 3:10 | Queue | Villager (Male) |
| 3:10 | Queue | Villager (Male) |
| 3:10 | Queue | Villager (Male) |
| 3:46 | Queue | Villager (Male) |
| 3:47 | Queue | Villager (Male) |
| 4:30 | Queue | Villager (Male) |
| 4:33 | Research | Loom |
| 4:33 | Research | Loom |
| 4:40 | Queue | Villager (Male) |
| 4:50 | Build | Mill |
| 4:52 | Queue | Villager (Male) |
| 4:53 | Queue | Villager (Male) |
| 5:25 | Queue | Villager (Male) |
| 5:29 | Build | House |
| 5:44 | Queue | Villager (Male) |
| 6:07 | Build | House |
| 6:12 | Queue | Villager (Male) |
| 6:43 | Queue | Villager (Male) |
| 6:58 | Build | Mill |
| 7:07 | Queue | Villager (Male) |
| 8:00 | Research | Feudal Age |
| 8:00 | Research | Feudal Age |
| 8:11 | Build | Barracks |
| 8:48 | Build | House |
| 8:49 | Queue | Militia |
| 8:51 | Queue | Militia |
| 9:02 | Build | Mining Camp |
| 9:07 | Queue | Militia |
| 9:30 | Build | House |
| 9:32 | Build | House |
| 9:57 | Queue | Militia |
| 10:04 | Queue | Villager (Male) |
| 10:05 | Queue | Villager (Male) |
| 10:10 | Age | Feudal Age |
| 10:44 | Research | Man-at-Arms (upgrade) |
| 10:45 | Research | Man-at-Arms (upgrade) |
| 10:45 | Queue | Villager (Male) |
| 10:45 | Queue | Villager (Male) |
| 11:16 | Queue | Villager (Male) |
| 11:46 | Queue | Militia |
| 11:46 | Queue | Militia |
| 11:46 | Queue | Militia |
| 12:06 | Queue | Militia |
| 12:20 | Queue | Militia |
| 12:23 | Build | Barracks |
| 12:26 | Build | Farm |
| 12:26 | Build | Farm |
| 12:26 | Build | Farm |
| 12:26 | Build | Farm |
| 12:27 | Build | Farm |
| 12:27 | Build | Farm |
| 12:27 | Build | Farm |
| 13:13 | Queue | Militia |
| 13:13 | Queue | Militia |
| 13:20 | Build | Watch Tower |
| 13:26 | Build | Palisade Wall |
| 13:32 | Build | Palisade Wall |
| 13:33 | Build | Palisade Wall |
| 13:37 | Build | Palisade Wall |
| 13:39 | Build | Palisade Wall |
| 13:43 | Build | Palisade Wall |
| 13:45 | Build | Palisade Wall |
| 13:49 | Queue | Militia |
| 13:50 | Queue | Militia |
| 13:50 | Queue | Militia |
| 13:50 | Queue | Militia |
| 14:05 | Queue | Villager (Male) |
| 14:06 | Queue | Villager (Male) |
| 14:06 | Queue | Villager (Male) |
| 14:35 | Queue | Villager (Male) |
| 14:35 | Queue | Villager (Male) |
| 14:36 | Queue | Villager (Male) |
| 14:46 | Queue | Villager (Male) |
| 14:46 | Queue | Villager (Male) |
| 15:01 | Build | Blacksmith |
Match timeline
| 0:32 | SVTT | Альпинист · first_building Barracks |
| 8:11 | VLC | DeaH · first_building Barracks |
| 10:10 | VLC | DeaH · age_up feudal |
| 11:30 | SVTT | Альпинист · age_up feudal |
| 12:51 | SVTT | Альпинист · wall_segment Palisade Wall x1 |
| 13:26 | VLC | DeaH · wall_segment Palisade Wall x1 |
| 13:32 | VLC | DeaH · wall_segment Palisade Wall x1 |
| 13:33 | VLC | DeaH · wall_segment Palisade Wall x1 |
| 13:37 | VLC | DeaH · wall_segment Palisade Wall x1 |
| 13:39 | VLC | DeaH · wall_segment Palisade Wall x1 |
| 13:43 | VLC | DeaH · wall_segment Palisade Wall x1 |
| 13:45 | VLC | DeaH · wall_segment Palisade Wall x1 |
| 15:27 | SVTT | Альпинист · resign |
[ AI ANALYSIS · 1 CREDIT ]
What really happened in this match?
Wolo.gg analyzes every decision: build order, eco, micro, common mistakes by bracket. Personalized analysis on WhatsApp or Discord in 30 seconds.
Civ guide
Tupi
Perfil
Jugador #6375678